 Dungeon Crawl Stone Soup version 0.29.0-13-gc9e81de378 (webtiles) character file.

Game seed: 1385679676155105255

6757 Armakuni the Destroyer (level 11, -8/68 HPs)
             Began as a Human Conjurer on Sept 9, 2022.
             Was a Follower of Vehumet.
             Mangled by an orc warrior
             ... wielding a +0 scimitar
              (19 damage)
             ... on level 9 of the Dungeon.
             The game lasted 00:22:27 (9916 turns).

Armakuni the Destroyer (Human Conjurer)             Turns: 9916, Time: 00:22:27

Health: -8/68      AC:  7    Str: 11    XL:     11   Next: 24%
Magic:  2/25       EV: 12    Int: 19    God:    Vehumet [*.....]
Gold:   395        SH:  5    Dex:  9    Spells: 19/30 levels left

rFire   + + +      SeeInvis +   a - +4 rapier (venom)
rCold   + . .      Faith    .   y - orb {light}
rNeg    . . .      Spirit   .   u - +0 steam dragon scales
rPois   +          Reflect  +   z - +1 hat {SInv}
rElec   .          Harm     .   c - scarf {rC+ rF+}
rCorr   .          Rampage  .   v - +0 pair of gloves
Will    +....                   (no boots)
Stlth   +.........              H - amulet of reflection
HPRegen 0.21/turn               M - ring of wizardry
MPRegen 0.19/turn               W - ring of Eternity {rPois rF+++ Will+ Dex-3 Stlth+}

@: about to teleport, glowing
A: no striking features
a: Renounce Religion


You were on level 9 of the Dungeon.
You worshipped Vehumet.
Vehumet was aware of your devotion.
You visited 2 branches of the dungeon, and saw 10 of its levels.

You collected 431 gold pieces.
You spent 36 gold pieces at shops.

Inventory:

Hand Weapons
 a - a +4 rapier of venom (weapon)
 b - a +0 quarterstaff
 g - a +3 whip of venom
Armour
 c - a scarf of resistance (worn)
 i - a +0 scale mail
 u - +0 steam dragon scales (worn)
 v - a +0 pair of gloves (worn)
 y - an orb of light (worn)
 z - a +1 hat of see invisible (worn)
Jewellery
 H - an amulet of reflection (around neck)
 M - a ring of wizardry (left hand)
 V - a +6 ring of strength
 W - the ring of Eternity (right hand) {rPois rF+++ Will+ Dex-3 Stlth+}
   (You took it off an orc on level 6 of the Dungeon)

   [ring of willpower]

   Dex:       It affects your dexterity (-3).
   rF:        It renders you almost immune to fire.
   rPois:     It protects you from poison.
   Will:      It increases your willpower.
   Stlth:     It makes you more stealthy.
Wands
 j - a wand of iceblast (5)
 B - a wand of mindburst (14)
Scrolls
 k - 5 scrolls of magic mapping
 o - a scroll of teleportation
 r - 3 scrolls of noise
Potions
 d - 7 potions of curing
 e - 4 potions of lignification
 f - 2 potions of resistance
 h - 3 potions of brilliance
 l - 2 potions of ambrosia {unknown}
 m - a potion of flight {unknown}
 n - 4 potions of might
 p - a potion of magic
 q - 2 potions of haste {unknown}
 s - 2 potions of attraction {unknown}
 t - a potion of mutation {unknown}
 w - a potion of degeneration {unknown}
 x - 2 potions of heal wounds {unknown}


   Skills:
 - Level 2.0 Dodging
 - Level 2.0 Stealth
 - Level 10.0 Spellcasting
 - Level 10.0 Conjurations
 + Level 9.0 Ice Magic


You had 19 spell levels left.
You knew the following spells:

 Your Spells              Type           Power      Damage    Failure   Level
j - Freezing Cloud        Conj/Ice/Air   16%        6-21      6%          5
m - Iskenderun's Mystic   Conj/Tloc      28%        2d7       4%          4
z - Searing Ray           Conj           94%        2d7       1%          2

Your spell library contained the following spells:

 Spells                   Type           Power      Damage    Failure   Level
 Sandblast                Erth           18%        2d7       3%          1
 Freeze                   Ice            100%       1d11      1%          1
 Magic Dart               Conj           100%       1d8       1%          1
 Ensorcelled Hibernation  Hex/Ice        52%        N/A       1%          2
 Dazzling Flash           Conj/Hex       56%        N/A       1%          3
 Frozen Ramparts          Ice            86%        1d13      1%          3
 Hailstorm                Conj/Ice       45%        3d10      1%          4
 Sting                    Tmut/Pois      36%        1d4       3%          1
 Passwall                 Tmut/Erth      7%         N/A       4%          2
 Poisonous Vapours        Pois/Air       18%        N/A       4%          2
 Fulminant Prism          Conj/Hex       14%        3d9       4%          4
 Confusing Touch          Hex            9%         N/A       9%          3
 Swiftness                Air            9%         N/A       9%          3
 Olgreb's Toxic Radiance  Pois           9%         N/A       28%         4
 Simulacrum               Ice/Necr       13%        N/A       54%         6
 Yara's Violent Unravell  Hex/Tmut       4%         3d4       58%         5
 Enfeeble                 Hex            4%         N/A       100%        7
 Polar Vortex             Ice            21%        N/A       100%        9


Dungeon Overview and Level Annotations

Branches:
Dungeon (9/15)             Temple (1/1) D:7
   Lair: D:8-11         Orc: D:9-12

Altars:
Ashenzari
Cheibriados
Dithmenos
Elyvilon
Fedhas
Gozag
Hepliaklqana
Kikubaaqudgha
Makhleb
Nemelex Xobeh
Okawaru
Qazlal
Ru
Sif Muna
Trog
Uskayaw
Vehumet
Wu Jian
Xom
Yredelemnul
Zin
The Shining One

Shops:
D:3 (   D:5 *

Annotations:
D:7 1 transporter, mtoz's ghost, novice GrBe


Message History

The orc warrior hits you with a +0 long sword!
Casting: Iskenderun's Mystic Blast (dangerous; 4% risk of failure)
Confirm with . or Enter, or press ? or * to list all spells.
You don't have enough magic to cast this spell.
You hit the orc warrior.
You kill the orc warrior!
Vehumet accepts your kill.
Your Ice Magic skill increases to level 9!
A water moccasin comes into view.
You hit the orc wizard.
The orc wizard is poisoned.
The orc wizard is lightly wounded.
The orc wizard hits you but does no damage.
You closely miss the orc warrior.
The orc warrior is severely wounded.
The orc wizard mumbles some strange words.
The orc wizard flickers and vanishes for a moment.
The orc warrior misses you.
You hit the orc warrior.
The orc warrior is severely wounded.
You block the orc wizard's attack. You block the orc warrior's attack.
The water moccasin bites you!
The orc wizard hits you with a +0 dagger.
The orc warrior hits you with a +0 scimitar.
The water moccasin attacks as you move away!
The water moccasin bites you.
The orc warrior hits you with a +0 scimitar!
* * * LOW HITPOINT WARNING * * *
The orc wizard casts a spell at you.
The magic dart hits you but does no damage.
Okay, then.
Okay, then.
Unknown command.
Casting: Iskenderun's Mystic Blast (dangerous; 4% risk of failure)
Confirm with . or Enter, or press ? or * to list all spells.
You don't have enough magic to cast this spell.
As you read the scroll of teleportation, it crumbles to dust.
You feel strangely unstable.
The water moccasin bites you but does no damage. x2
The orc warrior hits you with a +0 scimitar!!
You die...

####'####
##..^....##
#.#.....#.# #
#..#...#..#o##
###...#.#...#).
.'....#....'#
#...#.#.).#
#..#...#..#
#.#o@...#.#
##.So☼°[.##
'#########'#######
..................
..........÷......#
........)#........
.#######[#.######.
#.....#.#.#
#.###.#[#.#


You could see an orc warrior, a water moccasin and an orc wizard (invisible,
very poisoned).

Vanquished Creatures
  Gastronok (D:8)
  A hydra (D:9)
  A tengu warrior (D:9)
  A deep elf pyromancer (D:9)
  Maggie (D:6)
  A kobold demonologist (D:9)
  A wyvern (D:7)
  Eustachio (D:6)
  A steam dragon (D:6)
  Menkaure (D:6)
  2 water moccasins
  3 orc warriors (D:9)
  2 ice beasts
  2 sky beasts
  3 black bears
  An ogre (D:6)
  A centaur (D:7)
  A phantom (D:6)
  A kobold brigand (D:8)
  2 bullfrogs
  2 necrophages
  3 scorpions (D:5)
  A gnoll sergeant (D:7)
  A killer bee (D:9)
  3 howler monkeys
  2 hounds
  2 jellies
  4 orc priests
  5 iguanas
  9 orc wizards
  Natasha (thrice) (D:2)
  Robin (D:2)
  3 gnolls (D:7)
  6 adders
  A white imp (D:7)
  An ufetubus (D:5)
  2 dart slugs
  17 orcs
  6 bats
  12 endoplasms
  4 giant cockroaches
  20 goblins
  7 hobgoblins
  3 jackals (D:1)
  9 kobolds
  3 quokkas
  7 ball pythons
  2 frilled lizards
  5 rats
172 creatures vanquished.

Vanquished Creatures (others)
  6 plants (D:7)
6 creatures vanquished.

Grand Total: 178 creatures vanquished

Notes
Turn   | Place    | Note
-------+----------+-------------------------------------------
     0 | D:1      | Armakuni the Human Conjurer began the quest for the Orb.
     0 | D:1      | Reached XP level 1. HP: 13/13 MP: 3/3
   147 | D:1      | Found a faded altar of an unknown god.
   228 | D:1      | Reached XP level 2. HP: 19/19 MP: 3/5
   231 | D:1      | Learned a level 2 spell: Searing Ray
   666 | D:1      | Reached XP level 3. HP: 24/24 MP: 3/6
  1800 | D:2      | Noticed Natasha
  1824 | D:2      | Killed Natasha
  1825 | D:2      | Reached XP level 4. HP: 30/30 MP: 3/8
  1936 | D:2      | Noticed Robin
  1953 | D:2      | Killed Robin
  1954 | D:2      | Reached skill level 5 in Conjurations
  2242 | D:2      | Reached XP level 5. HP: 34/35 MP: 7/10
  2340 | D:2      | Noticed Natasha
  2347 | D:2      | Killed Natasha
  2370 | D:2      | Noticed Natasha
  2386 | D:2      | Killed Natasha
  2882 | D:3      | Found a sacrificial altar of Ru.
  3042 | D:3      | Reached XP level 6. HP: 41/41 MP: 7/12
  3339 | D:3      | Found Luanesa's Antique Weapon Boutique.
  4535 | D:5      | Entered Level 5 of the Dungeon
  4546 | D:5      | Reached XP level 7. HP: 29/46 MP: 6/14
  4772 | D:5      | Reached skill level 5 in Spellcasting
  5032 | D:5      | Found Xez Pann's Assorted Antiques.
  5037 | D:5      | Bought a fuming dark potion for 18 gold pieces
  5037 | D:5      | Bought a bubbling silvery potion for 18 gold pieces
  5136 | D:5      | Found an iron altar of Okawaru.
  5217 | D:5      | Reached XP level 8. HP: 33/52 MP: 6/16
  5291 | D:5      | Learned a level 4 spell: Iskenderun's Mystic Blast
  5297 | D:5      | Learned a level 5 spell: Freezing Cloud
  5500 | D:5      | Found a shimmering altar of Xom.
  5538 | D:5      | Found a burning altar of Makhleb.
  5788 | D:6      | Noticed Maggie
  5801 | D:6      | Killed Maggie
  6233 | D:6      | Reached XP level 9. HP: 46/57 MP: 9/19
  6453 | D:6      | Noticed Eustachio
  6461 | D:6      | Found a snail-covered altar of Cheibriados.
  6485 | D:6      | Killed Eustachio
  6598 | D:6      | Identified the ring of Eternity {rPois rF+++ Will+ Dex-3
                  | Stlth+}
  6989 | D:6      | Noticed Menkaure
  6993 | D:6      | Killed Menkaure
  7384 | D:7      | Found a hide-covered altar of Uskayaw.
  7425 | D:7      | Reached skill level 10 in Conjurations
  7514 | D:7      | Found a staircase to the Ecumenical Temple.
  7539 | Temple   | Entered the Ecumenical Temple
  7691 | D:7      | Reached XP level 10. HP: 63/63 MP: 22/22
  7708 | D:7      | Reached skill level 1 in Ice Magic
  8033 | D:7      | Found a transporter.
  8105 | D:7      | Found a transporter.
  8107 | D:7      | Identified the amulet "Nuxzus" {Faith Rampage}
  8166 | D:7      | Noticed mtoz's ghost (novice GrBe)
  8208 | D:7      | Found a glowing golden altar of the Shining One.
  8595 | D:8      | Found a shadowy altar of Dithmenos.
  8596 | D:8      | Found a radiant altar of Vehumet.
  8606 | D:8      | Became a worshipper of Vehumet
  8767 | D:8      | Noticed Gastronok
  8781 | D:8      | Killed Gastronok
  9218 | D:9      | Reached skill level 10 in Spellcasting
  9226 | D:9      | Reached skill level 5 in Ice Magic
  9296 | D:9      | Noticed a four-headed hydra
  9310 | D:9      | Killed a four-headed hydra
  9674 | D:9      | Noticed a tengu warrior
  9676 | D:9      | Noticed a deep elf pyromancer
  9684 | D:9      | Reached * piety under Vehumet
  9684 | D:9      | Offered knowledge of Sandblast by Vehumet.
  9684 | D:9      | Killed a tengu warrior
  9685 | D:9      | Reached XP level 11. HP: 68/68 MP: 4/25
  9824 | D:9      | Killed a deep elf pyromancer
  9916 | D:9      | Mangled by an orc warrior

Illustrated notes

Levels and vault maps discovered:
D:1:      dpeg_arrival_boxes_within_box, layout_loops_ring,
          hellmonk_ecumenical_altar_crossroads, st_stairs_5,
          serial_park_tiny_pond
D:2:      layout_loops_ring, dk_noncrumbling_3, uniq_robin, uniq_natasha
D:3:      layout_loops_ring, mainiacjoe_overflow_catwalk, serial_aquarium,
          aquarium_bridge_square [aquarium_subvault_bridge,
          aquarium_subvault_balcony, aquarium_subvault_wall,
          aquarium_subvault_bridge], aquarium_bridge_island_small
          [aquarium_subvault_small_water, aquarium_subvault_wall,
          aquarium_subvault_bridge, aquarium_subvault_bridge,
          aquarium_subvault_bridge], aquarium_window_fake, aquarium_window_fake,
          aquarium_window_corridor_1, aquarium_view_2b, aquarium_view_2b,
          serial_shops, shop
D:4:      layout_rooms
D:5:      layout_basic, nicolae_overflow_crystal_walls, lemuel_doored_altar,
          lemuel_crystal_altar, serial_shops, kennysheep_little_box,
          minivault_23, nicolae_elevator_lobby_plus
D:6:      layout_rooms, marbit_many_paths, nicolae_lava_and_water,
          uniq_menkaure, uniq_maggie, uniq_eustachio
D:7:      layout_cave_pools, mainiacjoe_overflow_cross_hatched,
          general_overflow_altar, minmay_temple_entry_tees,
          gammafunk_ghost_gnarly_gnolls, supply_closet_lemuel,
          eino_small_chamber_without_monster, hangedman_decor_lopped
D:8:      layout_basic, grunt_temple_overflow_open, uniq_gastronok
D:9:      minmay_the_grid_4x2 [minmay_the_grid_square_x, minmay_the_grid_x,
          minmay_the_grid_spin_star, minmay_the_grid_minigrid_small_alt,
          minmay_the_grid_holed_spiral, minmay_the_grid_all_tris,
          minmay_the_grid_paths, minmay_the_grid_prize_big_room], layout_basic,
          orc_0_dummy
Temple:   nicolae_temple_god_jail

Skill      XL: |  1  2  3  4  5  6  7  8  9 10 11 |
---------------+----------------------------------+-----
Spellcasting   | 3 4 5 7 8 10 | 10.0
Conjurations   | 5 6 7 8 10 | 10.0
Ice Magic      | 7 9 |  9.0
Dodging        | |  2.0
Stealth        | |  2.0

Action                   |  1- 3 |  4- 6 |  7- 9 | 10-12 || total
-------------------------+-------+-------+-------+-------++-------
Melee: Unarmed           |     2 |       |       |       ||     2
       Dagger            |     2 |       |       |       ||     2
       Whip              |       |    39 |    19 |       ||    58
       Long sword        |       |     2 |       |       ||     2
       Rapier            |       |       |    13 |    23 ||    36
 Cast: Magic Dart        |     9 |       |       |       ||     9
       Searing Ray       |    28 |    37 |    42 |    24 ||   131
       Freezing Cloud    |       |       |       |    10 ||    10
       Iskenderun's Myst |       |       |       |     5 ||     5
Evoke: Wand              |       |       |     6 |    10 ||    16
  Use: Scroll            |     3 |     3 |     3 |     5 ||    14
       Potion            |       |     1 |     1 |       ||     2
Armor: Robe              |     5 |     1 |       |       ||     6
       Ring mail         |       |    29 |    10 |       ||    39
       Steam dragon scal |       |       |    19 |    15 ||    34
Dodge: Dodged            |     8 |    42 |    46 |    44 ||   140
Block: Orb               |       |       |     2 |    23 ||    25
       Reflection        |       |       |       |     5 ||     5
